 Dungeon Sprint DCSS version 0.19.1-1-g22dce08 (webtiles) character file.

2186 DaddyBuck the Blocker (level 9, -3/81 HPs)
             Began as a Formicid Fighter on Jan 3, 2017.
             Slain by a fire elemental (11 damage)
             ... summoned by a deep elf mage
             ... in the Dungeon (Sprint V: "Ziggurat Sprint").
             The game lasted 00:02:00 (353 turns).

DaddyBuck the Blocker (Formicid Fighter)             Turns: 353, Time: 00:02:00

Health: -3/81      AC: 30    Str: 24    XL:     9   Next: 59%
Magic:  9/9        EV: 10    Int:  8    God:
Gold:   0          SH: 31    Dex: 10    Spells: 0 memorised, 8 levels left

rFire  . . .     SeeInvis +     D - +13 scythe of Curses {drain, *Curse} (curse)
rCold  . . .     Gourm    .     B - +15 Maxwell's patent armour {-Cast -Tele rElec MR+ rCorr} (curse)
rNeg   + . .     Faith    .     C - +18 shield of the Gong {rElec rN+ MR+ EV-5} (curse)
rPois  .         Spirit   .     (helmet unavailable)
rElec  +         Reflect  .     (no cloak)
rCorr  +         Harm     .     (no gloves)
MR     ++...     NoCast   +     (no boots)
Stlth  ..........               (no amulet)
                                (no ring)
                                F - ring of Shaolin {EV+8} (curse)

@: liquid flames, glowing
A: permanent stasis, dig shafts and tunnels, four strong arms, antennae 3
a: Dig


You were in the Dungeon.
You were not hungry.

You visited 1 branch

Inventory:

Hand Weapons
 a - a cursed +0 long sword
 y - a cursed +5 demon blade
 A - the cursed +10 dark maul {crush}
   (You found it in the Dungeon)

   It inflicts extra damage upon your enemies.
   It has a curse placed upon it.
 D - the cursed +13 scythe of Curses (weapon) {drain, *Curse}
   (You found it in the Dungeon)

   A truly terrible weapon, it drains the life of those it strikes.
   It may re-curse itself when equipped.
   It has a curse placed upon it.
Armour
 b - a cursed +0 scale mail
 c - a cursed +0 shield
 B - the cursed +15 Maxwell's patent armour (worn) {-Cast -Tele rElec MR+ rCorr}
   (You found it in the Dungeon)

   It insulates you from electricity.
   It affects your resistance to hostile enchantments.
   It prevents spellcasting.
   It prevents most forms of teleportation.
   It protects you from acid and corrosion.
   It has a curse placed upon it.
 C - the cursed +18 shield of the Gong (worn) {rElec rN+ MR+ EV-5}
   (You found it in the Dungeon)

   It affects your evasion (-5).
   It insulates you from electricity.
   It protects you from negative energy.
   It affects your resistance to hostile enchantments.
   It has a curse placed upon it.
Jewellery
 F - the cursed ring of Shaolin (left hand) {EV+8}
   (You found it in the Dungeon)

   [ring of evasion]

   It affects your evasion (+8).
   It has a curse placed upon it.
Scrolls
 k - 4 scrolls of blinking
 q - 4 scrolls of amnesia
 r - 3 scrolls of recharging
 s - 7 scrolls of fog
 t - a scroll of holy word
 u - 5 scrolls of identify
 v - 5 scrolls of remove curse
 w - 2 scrolls of fear
 E - a scroll of brand weapon
Potions
 d - 6 potions of might
 e - 10 potions of curing
 g - 10 potions of heal wounds
 h - 6 potions of haste
 i - 7 potions of magic
 j - 3 potions of berserk rage
 l - 2 potions of brilliance
 m - 2 potions of invisibility
 n - 4 potions of resistance
 o - a potion of experience
 p - 5 potions of agility
Comestibles
 f - 5 bread rations
 x - 42 fruits
 z - 4 meat rations


   Skills:
 + Level 11.5 Fighting
 - Level 2.6 Long Blades
 + Level 9.8 Polearms
 + Level 11.9 Armour
 - Level 0.3 Dodging
 + Level 13.0 Shields


You had 8 spell levels left.
You didn't know any spells.

Dungeon Overview and Level Annotations

Branches:
Dungeon (1/1)

Altars:
Ashenzari
Cheibriados
Dithmenos
Elyvilon
Fedhas
Gozag
Hepliaklqana
Kikubaaqudgha
Makhleb
Nemelex Xobeh
Okawaru
Qazlal
Ru
Sif Muna
Trog
Uskayaw
Vehumet
Xom
Yredelemnul
Zin
The Shining One
Beogh
Jiyva
Lugonu


Innate Abilities, Weirdness & Mutations

You are under a permanent stasis effect.
You can dig through walls and to a lower floor.
Your four strong arms can wield two-handed weapons with a shield.
You have a pair of large antennae on your head. (SInv)


Message History

The deep elf archer blinks!
The deep elf mage casts a spell at you. The sticky flame hits you!
You are covered in liquid flames!
* * * LOW HITPOINT WARNING * * *
You are too injured to fight recklessly!
Unknown command.
You are too injured to fight recklessly!
Unknown command.
You are too injured to fight recklessly!
You slice the deep elf mage!! You drain the deep elf mage!
The deep elf mage is severely wounded.
You are covered in liquid flames!
* * * LOW HITPOINT WARNING * * *
You block the fire elemental's attack.
BOUMMMMG!
You block the fire elemental's attack.
GONNNNG!
The fire elemental hits you. The fire elemental burns you!
You die...

▓.††..▓.....▓.....▓
▓...†.▓.....▓▓▓▓▓▓▓
▓▓▓▓▓▓▓▓▓▓▓▓▓▓
▓..8©8...▓
▓..}=[...▓ {{{
▓...)....▓ { {
▓......e.▓
▓..EE§...▓
▓.▓)@e.▓.▓
▓........▓
▓▓▓▓▓▓▓▓▓▓


{{{{ {{{ You could see a deep elf archer, a deep elf mage and 2 fire elementals.

Vanquished Creatures
  A deep elf knight (D)
  A deep elf mage (D)
  A draconian (D)
  A porcupine (D)
  A phantom (D)
  2 wolves (D)
  A bullfrog (D)
  A giant cockroach zombie (D)
9 creatures vanquished.

Vanquished Creatures (collateral kills)
  2 draconians (D)
2 creatures vanquished.

Grand Total: 11 creatures vanquished

Notes
Turn   | Place    | Note
-------+----------+-------------------------------------------
     0 | D        | DaddyBuck the Formicid Fighter began the quest for the Orb.
     0 | D        | Reached XP level 1. HP: 18/18 MP: 1/1
     1 | D        | Found a bloodstained altar of Trog.
     1 | D        | Found a deep blue altar of Sif Muna.
     1 | D        | Found a sacrificial altar of Ru.
     1 | D        | Found a stormy altar of Qazlal.
     1 | D        | Found an iron altar of Okawaru.
    16 | D        | Found a sparkling altar of Nemelex Xobeh.
    17 | D        | Found a blossoming altar of Fedhas.
    19 | D        | Found an ancient bone altar of Kikubaaqudgha.
    19 | D        | Found a viscous altar of Jiyva.
    19 | D        | Found a corrupted altar of Lugonu.
    19 | D        | Found a hazy altar of Hepliaklqana.
    19 | D        | Found a burning altar of Makhleb.
    19 | D        | Found an opulent altar of Gozag.
    75 | D        | Entered arena 1.
    75 | D        | Noticed a phantom
    86 | D        | Killed a phantom
    86 | D        | Reached skill level 5 in Fighting
    86 | D        | Reached skill level 7 in Shields
    86 | D        | Reached XP level 2. HP: 27/27 MP: 2/2
    86 | D        | Reached XP level 3. HP: 33/33 MP: 3/3
    86 | D        | Reached XP level 4. HP: 39/39 MP: 4/4
    92 | D        | Entered arena 2.
    92 | D        | Noticed a draconian
    92 | D        | Noticed a draconian
    92 | D        | Noticed a draconian
   104 | D        | Killed a draconian
   104 | D        | Reached skill level 5 in Polearms
   104 | D        | Reached skill level 9 in Shields
   104 | D        | Reached XP level 5. HP: 15/48 MP: 5/5
   104 | D        | Reached XP level 6. HP: 18/55 MP: 6/6
   105 | D        | Killed a draconian
   105 | D        | Reached skill level 10 in Shields
   105 | D        | Reached XP level 7. HP: 21/64 MP: 7/7
   108 | D        | Killed a draconian
   108 | D        | Reached skill level 10 in Armour
   108 | D        | Reached skill level 11 in Shields
   108 | D        | Reached XP level 8. HP: 25/72 MP: 8/8
   327 | D        | Entered arena 3.
   328 | D        | Reached skill level 10 in Fighting
   344 | D        | Entered arena 4.
   344 | D        | Noticed a deep elf mage
   344 | D        | Noticed a deep elf knight
   344 | D        | Noticed a deep elf mage
   344 | D        | Noticed a deep elf archer
   348 | D        | Killed a deep elf knight
   348 | D        | Reached skill level 12 in Shields
   348 | D        | Reached XP level 9. HP: 79/81 MP: 9/9
   351 | D        | Killed a deep elf mage
   351 | D        | Reached skill level 13 in Shields
   353 | D        | Slain by a fire elemental

Skill      XL: |  1  2  3  4  5  6  7  8  9 |
---------------+----------------------------+-----
Fighting       | 5 7 9 11 | 11.5
Polearms       | 2 5 7 9 |  9.8
Armour         | 6 8 9 10 11 | 11.9
Shields        | 7 9 10 11 12 13 | 13.0
Long Blades    | |  2.6
Dodging        | |  0.3

Action                   |  1- 3 |  4- 6 |  7- 9 || total
-------------------------+-------+-------+-------++-------
Melee: Scythe            |    10 |    11 |    17 ||    38
Armor: Plate armour      |     8 |     7 |     9 ||    24
Dodge: Dodged            |       |     1 |     7 ||     8
Block: Shield            |    19 |    33 |    33 ||    85
